 Dungeon Crawl Stone Soup version 0.14-a0-1403-g5d3c58f (webtiles) character file.

165 Malachi the Poker (level 3, -12/29 HPs)
             Began as a Djinni Chaos Knight on Dec 10, 2013.
             Was a Plaything of Xom.
             Mangled by Crazy Yiuf
             ... wielding a +4,+4 quarterstaff of chaos
              (16 damage)
             ... on Level 2 of the Dungeon.
             The game lasted 00:01:52 (1260 turns).

Malachi the Poker (Djinni Chaos Knight)             Turns: 1260, Time: 00:01:52

HP -12/29        AC  5     Str 13      XL: 3   Next: 55%
MP   0/0         EV 11     Int 12      God: Xom
Gold 115         SH  0     Dex 12      Spells:  0 memorised,  2 levels left

rFire  + + +     SeeInvis .     a - +0 spear (chaos)
rCold  x . .     Clarity  .     b - +2 leather armour
rNeg   + + +     Conserve .     (no shield)
rPois  .         rCorr    .     (no helmet)
rElec  .         rRot     .     (no cloak)
SustAb . .       Spirit   .     (no gloves)
rMut   .         Warding  .     (boots unavailable)
Saprov . . .     Stasis   .     (no amulet)
                                (no ring)
                                (no ring)

@: flying, not resistant to hostile enchantments, unstealthy
A: fire immunity, cold vulnerability, life protection 3
a: Renounce Religion


You were on level 2 of the Dungeon.
You worshipped Xom.
You were a toy of Xom.
You were not hungry.

You visited 1 branch of the dungeon, and saw 2 of its levels.

You collected 115 gold pieces.

Inventory:

Hand weapons
 a - a +0,+0 spear of chaos (weapon)
Armour
 b - a +2 leather armour (worn)
Scrolls
 c - 5 scrolls of remove curse {unknown}
 d - a scroll of random uselessness {unknown}
 e - a scroll of teleportation {unknown}
 i - 2 scrolls of identify {unknown}
 j - a scroll of fog {unknown}
 l - a scroll of enchant weapon II {unknown}
Jewellery
 k - an uncursed ring of sustain abilities {unknown}
Potions
 f - a potion of flight {unknown}
 g - 2 potions of degeneration {unknown}
 h - 3 potions of curing {unknown}


   Skills:
 + Level 3.1 Fighting
 + Level 3.8 Polearms
 + Level 2.3 Armour
 + Level 1.4 Dodging


You had 2 spell levels left.
You didn't know any spells.

Dungeon Overview and Level Annotations

Branches:
Dungeon (2/16)

Altars:

Annotations:
D:2 Crazy Yiuf


Innate Abilities, Weirdness & Mutations

You are immune to all types of fire, even holy and hellish.
You are vulnerable to cold.
You need no food.
You have no legs.
You are immune to negative energy.


Message History

Crazy Yiuf yells, "Line!
Snurf chair eyeball."
You hit Crazy Yiuf. You burn Crazy Yiuf.
Crazy Yiuf is moderately wounded.
Crazy Yiuf says, "Ghoul Hive Orb Guardian!"
Crazy Yiuf drinks a potion.
Crazy Yiuf seems to grow stronger.
You barely miss Crazy Yiuf.
Crazy Yiuf is moderately wounded.
Crazy Yiuf hits you with a quarterstaff of chaos!
Ouch! That really hurt!
* * * LOW HITPOINT WARNING * * *
You are too injured to fight recklessly!
You hit Crazy Yiuf.
Crazy Yiuf is heavily wounded.
Crazy Yiuf completely misses you.
You hit Crazy Yiuf.
Crazy Yiuf is heavily wounded.
Crazy Yiuf hits you with a quarterstaff of chaos!
Ouch! That really hurt!
You die...
Xom laughs nastily!

#..######## #.# #...#
#.# ##### #.#
###.######
♣♣♣##......... ### #♣
♣♣♣♣###########
#)..#♣♣♣♣♣♣f..........#
#....g♣♣♣♣.f...........
#♣@.♣.............#
#♣♣♣.♣............#
♣♣♣♣♣♣♣♣##........#
♣♣♣♣♣♣##........#
##........# #....%....#
###########


You could see Crazy Yiuf.

Vanquished Creatures
  An adder (D:2)
  An orc (D:2)
  A giant cockroach (D:2)
  3 hobgoblins (D:2)
  8 jackals
  3 quokkas (D:2)
  2 ball pythons
  3 bats
  A giant gecko (D:1)
  3 giant newts
  2 goblins
  3 kobolds (D:2)
  9 rats
40 creatures vanquished.

Notes
Turn   | Place    | Note
--------------------------------------------------------------
     0 | D:1      | Malachi, the Djinni Chaos Knight, began the quest for the Orb.
     0 | D:1      | Reached XP level 1. HP: 16/16 MP: 0/0
    85 | D:1      | XOM: divination: detect creatures
   299 | D:1      | Reached XP level 2. EP: 20/22
   624 | D:2      | Reached skill level 1 in Dodging
   677 | D:2      | XOM: harmless Summ miscast
   795 | D:2      | Reached XP level 3. EP: 13/29
   830 | D:2      | XOM: divination: magic mapping
   947 | D:2      | XOM: divination: magic mapping
  1056 | D:2      | XOM: divination: magic mapping
  1190 | D:2      | XOM: divination: detect creatures
  1253 | D:2      | Noticed Crazy Yiuf
  1260 | D:2      | Mangled by Crazy Yiuf

Action                   || total
-------------------------++-------
Melee: Spear             ||   137
